[ AOE2 MATCH · #507345088 ]
UnrankedMalians vs Mongols
Player's team · WIN
Rival team · LOSS
[ REPLAY ANALYSIS · EXTRACTED FROM THE RECORDED GAME ]
Feudal
10:06
Castle
24:27
Imperial
38:03
| APM avg | 60.1 |
| APM peak | 112 |
| eAPM avg | 29.7 |
| Villagers / military | 174 / 221 |
Focus
⚔️ 31.3% · 🌾 68.7%
Camel Scout ×82 · Knight ×68 · Skirmisher ×39 · Archer ×10 · Trebuchet (Packed) ×9 · Militia ×5
Feudal
12:55
Castle
21:51
Imperial
41:07
| APM avg | 40.1 |
| APM peak | 63 |
| eAPM avg | 22.6 |
| Villagers / military | 146 / 252 |
Focus
⚔️ 37.8% · 🌾 62.2%
Camel Scout ×155 · Scout Cavalry ×31 · Mangudai ×26 · Skirmisher ×19 · Militia ×8 · Trebuchet (Packed) ×6
Match map
Initial resources + every placement click. Lines = walls · curves = elevation contours. ◆ gold · ⬟ stone · ● berries · ✦ relic · ◌ wall gap
Your base· ✓ Closed at 24:27 · 40t walls · 1 gate(s)
sebas0995932's base· Open — unwalled flank
Smoothed initial terrain · ◌ = detected wall gap · hover for details
Inputs per minute
— ballin' penguin - - sebas0995932
Build order — ballin' penguin
First 150 of 563 actions detected
| 0:01 | Create | Villager (Male) |
| 0:01 | Create | Villager (Male) |
| 0:01 | Create | Villager (Male) |
| 0:02 | Create | Villager (Male) |
| 0:02 | Build | House |
| 0:04 | Build | House |
| 1:30 | Create | Villager (Male) |
| 1:30 | Create | Villager (Male) |
| 1:45 | Build | Lumber Camp |
| 2:01 | Create | Villager (Male) |
| 2:17 | Create | Villager (Male) |
| 2:17 | Create | Villager (Male) |
| 2:46 | Create | Villager (Male) |
| 3:03 | Build | House |
| 3:06 | Create | Villager (Male) |
| 3:06 | Create | Villager (Male) |
| 3:24 | Build | Mill |
| 3:46 | Create | Villager (Male) |
| 4:03 | Create | Villager (Male) |
| 4:22 | Create | Villager (Male) |
| 4:47 | Create | Villager (Male) |
| 5:10 | Create | Villager (Male) |
| 5:22 | Create | Villager (Male) |
| 5:43 | Create | Villager (Male) |
| 6:29 | Build | House |
| 6:30 | Research | Loom |
| 6:43 | Create | Villager (Male) |
| 6:55 | Build | Barracks |
| 6:58 | Create | Villager (Male) |
| 7:11 | Build | Barracks |
| 7:11 | Create | Villager (Male) |
| 7:19 | Create | Villager (Male) |
| 7:26 | Create | Villager (Male) |
| 7:38 | Create | Villager (Male) |
| 7:55 | Research | Feudal Age |
| 8:11 | Build | Mining Camp |
| 8:36 | Create | Militia |
| 8:36 | Create | Militia |
| 8:58 | Create | Militia |
| 8:59 | Create | Militia |
| 9:07 | Build | House |
| 9:20 | Create | Militia |
| 9:35 | Create | Villager (Male) |
| 9:55 | Create | Villager (Male) |
| 10:06 | Age | Feudal Age |
| 10:11 | Create | Villager (Male) |
| 10:13 | Build | Archery Range |
| 10:36 | Build | House |
| 10:55 | Build | Farm |
| 10:57 | Build | Farm |
| 11:01 | Create | Villager (Male) |
| 11:08 | Build | House |
| 11:20 | Create | Villager (Male) |
| 11:21 | Create | Archer |
| 11:21 | Create | Archer |
| 11:21 | Create | Archer |
| 11:22 | Create | Archer |
| 11:38 | Build | Farm |
| 11:41 | Build | Farm |
| 11:57 | Research | Double-Bit Axe |
| 12:08 | Create | Villager (Male) |
| 12:08 | Create | Villager (Male) |
| 12:20 | Build | Farm |
| 12:31 | Create | Archer |
| 12:33 | Build | Farm |
| 12:39 | Create | Villager (Male) |
| 12:55 | Create | Archer |
| 12:58 | Build | Farm |
| 13:01 | Create | Villager (Male) |
| 13:05 | Build | House |
| 13:17 | Create | Villager (Male) |
| 13:21 | Create | Villager (Male) |
| 13:22 | Create | Archer |
| 13:31 | Create | Villager (Male) |
| 13:36 | Build | Farm |
| 13:37 | Create | Villager (Male) |
| 13:51 | Create | Villager (Male) |
| 13:53 | Build | Farm |
| 14:19 | Create | Villager (Male) |
| 14:30 | Build | Blacksmith |
| 14:33 | Build | House |
| 14:40 | Create | Archer |
| 14:50 | Build | House |
| 14:52 | Build | House |
| 14:53 | Build | House |
| 15:02 | Build | House |
| 15:11 | Build | House |
| 15:12 | Build | Palisade Wall |
| 15:13 | Research | Fletching |
| 15:20 | Create | Villager (Male) |
| 15:27 | Research | Padded Archer Armor |
| 15:34 | Create | Villager (Male) |
| 15:39 | Build | Farm |
| 15:40 | Build | Farm |
| 15:44 | Build | Palisade Wall |
| 15:52 | Build | Palisade Wall |
| 16:04 | Build | Lumber Camp |
| 16:23 | Create | Villager (Male) |
| 16:27 | Create | Archer |
| 16:27 | Create | Archer |
| 16:36 | Build | House |
| 16:38 | Build | House |
| 16:46 | Research | Horse Collar |
| 17:03 | Build | House |
| 17:25 | Create | Villager (Male) |
| 17:31 | Build | House |
| 17:34 | Build | Farm |
| 17:35 | Build | Farm |
| 17:35 | Build | Farm |
| 17:35 | Build | Farm |
| 17:35 | Build | Farm |
| 17:43 | Build | Stable |
| 17:52 | Create | Villager (Male) |
| 17:55 | Build | House |
| 17:59 | Build | Palisade Wall |
| 18:05 | Build | House |
| 18:06 | Build | Palisade Wall |
| 18:09 | Create | Villager (Male) |
| 18:11 | Build | Palisade Wall |
| 18:18 | Build | Farm |
| 18:19 | Build | Farm |
| 18:20 | Build | Farm |
| 18:24 | Create | Villager (Male) |
| 18:30 | Create | Scout Cavalry |
| 18:30 | Create | Scout Cavalry |
| 18:39 | Build | Farm |
| 19:02 | Create | Villager (Male) |
| 19:07 | Build | Farm |
| 19:09 | Build | Farm |
| 19:10 | Build | Farm |
| 19:11 | Create | Scout Cavalry |
| 19:24 | Build | Farm |
| 19:28 | Build | Farm |
| 19:32 | Create | Scout Cavalry |
| 19:32 | Create | Scout Cavalry |
| 19:35 | Build | Farm |
| 19:36 | Create | Villager (Male) |
| 19:40 | Build | Farm |
| 19:47 | Create | Villager (Male) |
| 19:50 | Build | Farm |
| 20:02 | Create | Villager (Male) |
| 20:43 | Build | Farm |
| 20:49 | Create | Villager (Male) |
| 20:52 | Build | Palisade Gate |
| 21:01 | Build | House |
| 21:22 | Create | Villager (Male) |
| 21:31 | Research | Castle Age |
| 22:17 | Build | Farm |
| 22:25 | Build | House |
| 22:48 | Build | Stable |
Build order — sebas0995932
First 150 of 523 actions detected
| 0:01 | Create | Villager (Male) |
| 0:01 | Create | Villager (Male) |
| 0:02 | Build | House |
| 0:04 | Build | House |
| 0:18 | Create | Villager (Male) |
| 0:18 | Create | Villager (Male) |
| 0:19 | Create | Villager (Male) |
| 1:40 | Create | Villager (Male) |
| 1:40 | Create | Villager (Male) |
| 2:01 | Create | Villager (Male) |
| 2:01 | Create | Villager (Male) |
| 2:24 | Create | Villager (Male) |
| 2:24 | Create | Villager (Male) |
| 3:04 | Build | Barracks |
| 3:07 | Build | House |
| 3:08 | Build | House |
| 3:16 | Create | Villager (Male) |
| 3:16 | Create | Villager (Male) |
| 3:16 | Create | Villager (Male) |
| 3:17 | Create | Villager (Male) |
| 3:59 | Build | House |
| 4:18 | Create | Militia |
| 4:18 | Create | Militia |
| 4:18 | Create | Militia |
| 4:18 | Create | Militia |
| 4:25 | Build | House |
| 4:44 | Create | Villager (Male) |
| 4:54 | Create | Militia |
| 5:12 | Create | Villager (Male) |
| 5:32 | Build | Lumber Camp |
| 5:32 | Create | Villager (Male) |
| 5:49 | Create | Villager (Male) |
| 5:57 | Create | Villager (Male) |
| 6:53 | Create | Villager (Male) |
| 6:55 | Build | Mill |
| 7:11 | Create | Villager (Male) |
| 7:39 | Build | Mining Camp |
| 7:41 | Create | Villager (Male) |
| 7:50 | Create | Militia |
| 7:51 | Create | Militia |
| 8:11 | Research | Loom |
| 8:12 | Create | Villager (Male) |
| 8:18 | Build | Farm |
| 8:20 | Build | Farm |
| 8:22 | Build | Farm |
| 8:24 | Build | Farm |
| 8:47 | Create | Villager (Male) |
| 8:55 | Create | Villager (Male) |
| 9:10 | Build | Farm |
| 9:53 | Create | Villager (Male) |
| 10:05 | Create | Militia |
| 10:15 | Create | Villager (Male) |
| 10:23 | Build | Palisade Wall |
| 10:25 | Build | Palisade Wall |
| 10:25 | Build | Palisade Wall |
| 10:45 | Research | Feudal Age |
| 10:45 | Research | Feudal Age |
| 10:45 | Research | Feudal Age |
| 11:11 | Build | Farm |
| 11:17 | Build | House |
| 11:18 | Build | House |
| 11:36 | Build | Farm |
| 11:45 | Build | House |
| 11:48 | Build | House |
| 11:52 | Build | Palisade Wall |
| 12:04 | Build | Palisade Wall |
| 12:23 | Create | Villager (Male) |
| 12:26 | Create | Villager (Male) |
| 12:36 | Build | Farm |
| 12:40 | Build | Farm |
| 12:55 | Age | Feudal Age |
| 13:01 | Build | Archery Range |
| 13:10 | Research | Double-Bit Axe |
| 13:11 | Research | Double-Bit Axe |
| 13:47 | Build | House |
| 13:53 | Build | Farm |
| 13:54 | Create | Skirmisher |
| 13:54 | Create | Skirmisher |
| 13:54 | Create | Skirmisher |
| 13:59 | Create | Villager (Male) |
| 13:59 | Create | Villager (Male) |
| 14:00 | Create | Villager (Male) |
| 14:33 | Build | Farm |
| 14:34 | Create | Villager (Male) |
| 14:58 | Build | Palisade Gate |
| 15:25 | Create | Skirmisher |
| 15:34 | Create | Villager (Male) |
| 15:41 | Create | Skirmisher |
| 15:42 | Create | Villager (Male) |
| 15:45 | Build | Blacksmith |
| 15:58 | Create | Villager (Male) |
| 16:23 | Research | Fletching |
| 16:27 | Create | Villager (Male) |
| 16:39 | Create | Skirmisher |
| 16:39 | Create | Skirmisher |
| 16:40 | Create | Skirmisher |
| 16:46 | Build | Lumber Camp |
| 17:29 | Create | Villager (Male) |
| 17:30 | Create | Villager (Male) |
| 17:33 | Create | Villager (Male) |
| 17:55 | Build | Market |
| 18:27 | Create | Villager (Male) |
| 19:11 | Research | Castle Age |
| 19:11 | Research | Castle Age |
| 19:25 | Create | Villager (Male) |
| 19:33 | Create | Skirmisher |
| 19:33 | Create | Skirmisher |
| 19:33 | Create | Skirmisher |
| 19:33 | Create | Skirmisher |
| 19:41 | Build | House |
| 19:42 | Build | House |
| 19:42 | Build | House |
| 19:42 | Build | House |
| 19:45 | Create | Skirmisher |
| 19:45 | Create | Skirmisher |
| 20:31 | Build | Stable |
| 20:35 | Build | House |
| 20:42 | Create | Spearman |
| 20:42 | Create | Spearman |
| 20:47 | Create | Skirmisher |
| 21:07 | Build | House |
| 21:23 | Create | Spearman |
| 21:25 | Create | Villager (Male) |
| 21:51 | Age | Castle Age |
| 21:55 | Research | Elite Skirmisher (upgrade) |
| 21:55 | Research | Elite Skirmisher (upgrade) |
| 22:06 | Create | Camel Scout |
| 22:06 | Create | Camel Scout |
| 22:11 | Build | House |
| 22:13 | Build | House |
| 22:16 | Build | Palisade Gate |
| 22:18 | Build | House |
| 22:28 | Build | Town Center |
| 22:35 | Create | Skirmisher |
| 22:36 | Create | Skirmisher |
| 22:42 | Research | Bodkin Arrow |
| 23:01 | Create | Villager (Male) |
| 23:05 | Build | Siege Workshop |
| 23:10 | Create | Villager (Male) |
| 23:12 | Build | Farm |
| 23:14 | Research | Horse Collar |
| 23:32 | Create | Camel Scout |
| 23:43 | Create | Villager (Male) |
| 23:44 | Create | Villager (Male) |
| 23:48 | Build | Farm |
| 23:48 | Build | Farm |
| 23:49 | Build | Farm |
| 23:49 | Build | Farm |
| 23:49 | Build | Farm |
| 23:55 | Build | University |
Match timeline
| 3:04 | sebas0995932 · first_building Barracks |
| 6:55 | ballin' penguin · first_building Barracks |
| 10:06 | ballin' penguin · age_up feudal |
| 10:13 | ballin' penguin · first_building Archery Range |
| 10:23 | sebas0995932 · wall_segment Palisade Wall x1 |
| 10:25 | sebas0995932 · wall_segment Palisade Wall x1 |
| 10:25 | sebas0995932 · wall_segment Palisade Wall x1 |
| 11:52 | sebas0995932 · wall_segment Palisade Wall x1 |
| 12:04 | sebas0995932 · wall_segment Palisade Wall x7 |
| 12:55 | sebas0995932 · age_up feudal |
| 13:01 | sebas0995932 · first_building Archery Range |
| 15:12 | ballin' penguin · wall_segment Palisade Wall x3 |
| 15:44 | ballin' penguin · wall_segment Palisade Wall x18 |
| 15:52 | ballin' penguin · wall_segment Palisade Wall x8 |
| 17:43 | ballin' penguin · first_building Stable |
| 17:59 | ballin' penguin · wall_segment Palisade Wall x1 |
| 18:06 | ballin' penguin · wall_segment Palisade Wall x9 |
| 18:11 | ballin' penguin · wall_segment Palisade Wall x1 |
| 19:10 | sebas0995932 · first_market_sell 100 wood |
| 20:31 | sebas0995932 · first_building Stable |
| 21:51 | sebas0995932 · age_up castle |
| 23:05 | sebas0995932 · first_building Siege Workshop |
| 24:27 | ballin' penguin · age_up castle |
| 25:38 | sebas0995932 · first_market_buy 100 food |
| 29:42 | ballin' penguin · first_building Monastery |
| 29:52 | sebas0995932 · first_building Castle |
| 33:24 | sebas0995932 · first_building Monastery |
| 33:39 | ballin' penguin · first_building Castle |
| 34:46 | ballin' penguin · wall_segment Stone Wall x10 |
| 36:42 | ballin' penguin · wall_segment Stone Wall x3 |
| 37:56 | ballin' penguin · first_building Siege Workshop |
| 38:03 | ballin' penguin · age_up imperial |
| 38:16 | ballin' penguin · first_market_buy 100 wood |
| 41:07 | sebas0995932 · age_up imperial |
| 48:15 | ballin' penguin · first_market_sell 500 food |
| 51:51 | sebas0995932 · resign |
[ AI ANALYSIS · 1 CREDIT ]
What really happened in this match?
Wolo.gg analyzes every decision: build order, eco, micro, common mistakes by bracket. Personalized analysis on WhatsApp or Discord in 30 seconds.
Civ guide
Malians
Perfil
Jugador #1996261